 Dungeon Crawl Stone Soup version 0.28-a0-751-gef3a642a4e (webtiles) character file.

Game seed: 17808061965240087178

71 flotson the Sneak (level 4, -5/35 HPs)
             Began as a Demonspawn Delver on Oct 30, 2021.
             Slain by an iguana (12 damage)
             ... on level 3 of the Dungeon.
             The game lasted 00:02:17 (1596 turns).

flotson the Sneak (Demonspawn Delver)               Turns: 1596, Time: 00:02:18

Health: -5/35      AC:  6    Str: 14    XL:     4   Next: 5%
Magic:  4/4        EV: 11    Int: 11    God:
Gold:   61         SH:  0    Dex: 14    Spells: 3/3 levels left

rFire   . . .      SeeInvis .   r - +0 halberd
rCold   . . .      Faith    .   (shield currently unavailable)
rNeg    . . .      Spirit   .   j - +0 ring mail
rPois   .          Reflect  .   (no helmet)
rElec   .          Harm     .   (no cloak)
rCorr   .          Rampage  .   (no gloves)
Will    .....                   (no boots)
Stlth   ++........              (no amulet)
HPRegen 0.11/turn               (no ring)
MPRegen 0.09/turn               (no ring)

@: no status effects
A: sharp scales 1, demonic touch 1
a: no special abilities


You were on level 3 of the Dungeon.
You visited 1 branch of the dungeon, and saw 5 of its levels.

You collected 61 gold pieces.

Inventory:

Hand Weapons
 a - a +0 hand axe
 r - a +0 halberd (weapon)
Missiles
 i - 15 poisoned darts (quivered)
 n - 6 datura-tipped darts
Armour
 j - a +0 ring mail (worn)
Wands
 g - a wand of digging (3)
Scrolls
 b - a scroll of brand weapon {unknown}
 c - a scroll of fog
 d - 2 scrolls of magic mapping
 e - a scroll of fear
 h - 4 scrolls of identify {unknown}
 l - a scroll of teleportation {unknown}
 q - a scroll of noise {unknown}
Potions
 f - a potion of haste
 k - a potion of curing {unknown}
 m - a potion of cancellation {unknown}
 o - a potion of brilliance {unknown}
 p - a potion of flight {unknown}


   Skills:
 + Level 3.5 Fighting
 - Level 1.7 Axes
 + Level 1.4 Throwing
 + Level 1.5 Armour
 + Level 2.4 Dodging
 - Level 4.5 Stealth


You had 3 spell levels left.
You didn't know any spells.
Your spell library contained the following spells:

 Spells                   Type           Power      Damage    Failure   Level
 Slow                     Hex            0%         N/A       58%         1
 Confusing Touch          Hex            0%         N/A       91%         3
 Yara's Violent Unravell  Hex/Tmut       0%         3d3       100%        5


Dungeon Overview and Level Annotations

Branches:
Dungeon (5/15)
 Temple: D:4-7

Altars:


Innate Abilities, Weirdness & Mutations

You are partially covered in razor-sharp scales. (AC +1, Slay +1)
Your touch may inflict minor irresistible damage on your foes.


Message History

You reach to attack!
You closely miss the iguana.
The iguana bites you but does no damage.
You hit the iguana.
The iguana is lightly wounded.
The iguana bites you but does no damage.
You barely miss the iguana.
The iguana is lightly wounded.
The iguana closely misses you.
The iguana bites you but does no damage.
You closely miss the iguana.
The iguana is lightly wounded.
The iguana barely misses you.
You puncture the iguana!
The iguana is heavily wounded.
The iguana bites you!
The iguana bites you but does no damage.
You barely miss the iguana.
The iguana is heavily wounded.
The iguana closely misses you.
You hit the iguana.
The iguana is almost dead.
The iguana bites you.
You hit the iguana.
The iguana is almost dead.
The iguana bites you! x2
* * * LOW HITPOINT WARNING * * *
You are too injured to fight recklessly!
You are too injured to fight recklessly!
You are too injured to fight recklessly!
You are too injured to fight recklessly!
You are too injured to fight recklessly!
You are too injured to fight recklessly!
You hit the iguana but do no damage.
The iguana is almost dead.
The iguana bites you.
* * * LOW HITPOINT WARNING * * *
You hit the iguana but do no damage.
The iguana is almost dead.
The iguana barely misses you. The iguana bites you!
You die...

#. #.# .# #.≈≈ #..
≈#+#≈≈≈≈ #.##
≈8.8≈≈≈ #.<## ≈...≈≈
#... #...###8.8#
#..... #..†..#...#
.......
#....##8)8##........
#....(.@............
#......l............
#...................
#.....(.............
#...................
#...................
####...###..>.#####
#...# #....#
#.............


You could see an iguana.

Vanquished Creatures
  2 gnolls
  An adder (D:2)
  3 dart slugs
  An orc (D:3)
  7 ball pythons
  4 endoplasms
  A giant cockroach (D:2)
  6 hobgoblins
  2 kobolds (D:1)
  A bat (D:1)
  A frilled lizard (D:1)
  2 goblins (D:1)
  4 rats
35 creatures vanquished.

Notes
Turn   | Place    | Note
-------+----------+-------------------------------------------
     0 | D:5      | flotson the Demonspawn Delver began the quest for the Orb.
     0 | D:5      | Reached XP level 1. HP: 18/18 MP: 1/1
    18 | D:5      | Noticed an iguana
   100 | D:4      | Noticed an iguana
   203 | D:1      | Gained mutation: You are partially covered in razor-sharp
                  | scales. (AC +1, Slay +1) [demonic ancestry]
   203 | D:1      | Reached XP level 2. HP: 20/24 MP: 2/2
   432 | D:1      | Reached skill level 1 in Throwing
   432 | D:1      | Reached skill level 1 in Armour
   576 | D:1      | Gained mutation: Your touch may inflict minor irresistible
                  | damage on your foes. [demonic ancestry]
   576 | D:1      | Reached XP level 3. HP: 23/29 MP: 3/3
  1506 | D:3      | Reached XP level 4. HP: 26/35 MP: 4/4
  1596 | D:3      | Slain by an iguana

Illustrated notes

Levels and vault maps discovered:
D:1:      nicolae_arrival_somewhat_less_tricky_arrival, layout_loops_ring
D:2:      layout_rooms
D:3:      layout_basic, nicolae_vehumet_radiance, okawaru_metal_pillars_1_2,
          kennysheep_orc_sif_temple, nicolae_tso_besieged_by_evil,
          minmay_splitting_lines
D:4:      layout_rooms, lemuel_crystal_altar, temple_hall, uniq_menkaure,
          uniq_natasha
D:5:      layout_loops_ring, nicolae_overflow_hidden_temple, old_standard_altar

Skill      XL: |  1  2 |
---------------+-------+-----
Dodging        | 2 |  2.4
Throwing       | 1 |  1.4
Armour         | 1 |  1.5
Fighting       | |  3.5
Axes           | |  1.7
Stealth        | |  4.5

Action                   |  1- 3 |  4- 6 || total
-------------------------+-------+-------++-------
Melee: Hand axe          |    86 |       ||    86
       Touch             |     4 |       ||     4
       Halberd           |       |    12 ||    12
Throw: Dart              |     3 |       ||     3
 Stab: Sleeping          |     3 |       ||     3
Armor: Ring mail         |    33 |     4 ||    37
Dodge: Dodged            |    49 |     4 ||    53

Table legend: (Time is in decaauts)
 A = Elapsed time spent in this place.
 B = Non-inter-level travel time spent in this place.
 C = Inter-level travel time spent in this place.
 D = Time resting spent in this place.
 E = Time spent auto-exploring this place.
 F = Levels seen in this place.
 G = Mean time per level.
                   A        B        C        D        E       F      G
               +--------+--------+--------+--------+--------+-----+--------+
         Total |   1617 |   1583 |     34 |      0 |   1230 |   5 |  323.4 |
       Dungeon |   1617 |   1583 |     34 |      0 |   1230 |   5 |  323.4 |
               +--------+--------+--------+--------+--------+-----+--------+

Top non-repeatable levels by time:
     D:1: 984 daAuts
     D:2: 369 daAuts
     D:3: 117 daAuts
     D:4: 96 daAuts
     D:5: 50 daAuts
